Map: Galactic Process LE

Players

potato - Winner!

  • Race: Protoss Protoss
  • League: Gold
  • Spawn Location: 1:00

Fropez

  • Race: Protoss Protoss
  • League: Gold
  • Spawn Location: 7:00

VOD

Have the link to the VOD?

Description

Time

  • Played on: Oct. 18, 2016, 7:24 p.m.
  • Length: 4:16
Show
View Real Time Build Order
Export as new Build Order

potato Protoss - Winner!

Build Orders:  

Get SALT Encoding   

  12  0:02  Probe (Chrono Boost)  
  13  0:13  Probe (Chrono Boost)  
  14  0:18  Pylon  
  14  0:23  Probe (Chrono Boost)  
  15  0:36  Probe (Chrono Boost)  
  15  0:38  Gateway  
  16  0:46  Probe (Chrono Boost)  
  17  0:52  Assimilator  
  18  0:57  Probe (Chrono Boost)  
  18  1:02  Gateway  
  18  1:07  Probe (Chrono Boost)  
  19  1:14  Pylon  
  19  1:29  Cybernetics Core  
  19  1:31  Probe (Chrono Boost)  
  20  1:42  Probe (Chrono Boost)  
  21  1:49  Gateway  
  21  1:58  Zealot (Chrono Boost)  
  25  2:02  Zealot (Chrono Boost)  
  25  2:06  Pylon  
  25  2:20  Probe  
  26  2:24  Adept (Chrono Boost)  
  26  2:29  Adept (Chrono Boost)  
  30  2:37  Stalker (Chrono Boost)  
  31  2:43  Gateway  
  31  2:53  Assimilator  
  31  2:57  Adept (Chrono Boost)  
  33  3:01  Probe  
  34  3:08  Stalker (Chrono Boost)  
  38  3:13  Zealot (Chrono Boost)  
  38  3:35  Pylon  
  38  3:36  Pylon  
Show
View Real Time Build Order
Export as new Build Order

Fropez Protoss 

Build Orders: 1 Gate Expand 

Get SALT Encoding   

  12  0:01  Probe (Chrono Boost)  
  13  0:13  Probe (Chrono Boost)  
  14  0:20  Pylon  
  14  0:26  Probe (Chrono Boost)  
  15  0:38  Gateway  
  15  0:43  Gateway  
  15  0:46  Probe (Chrono Boost)  
  16  0:53  Assimilator  
  16  0:56  Probe (Chrono Boost)  
  17  1:22  Nexus  
  17  1:24  Probe (Chrono Boost)  
  18  1:38  Cybernetics Core  
  18  1:41  Probe (Chrono Boost)  
  19  1:52  Probe (Chrono Boost)  
  20  1:56  Pylon  
  20  1:58  Assimilator  
  20  2:02  Probe (Chrono Boost)  
  21  2:13  Probe (Chrono Boost)  
  22  2:15  Pylon  
  22  2:23  Probe (Chrono Boost)  
  22  2:24  Assimilator  
  23  2:34  Probe (Chrono Boost)  
  23  2:35  Probe (Chrono Boost)  
  24  2:52  Probe  
  24  2:57  Assimilator  
  25  3:03  Assimilator, Gateway  
  25  3:04  Gateway  
  25  3:07  Mothership Core (Chrono Boost)  
  27  3:16  Stalker  
  29  3:24  Probe (Chrono Boost)  
  29  3:26  Probe (Chrono Boost)  
  23  3:57  Pylon  
  23  3:58  Pylon  
Tags
 
League
GoldGold
Matchup
PvP
Replay Pack
All Mines
Spawn Locations
Cross Positions
Add a new tag
Caveats
  • Supply blocks, unpowered buildings, or Contaminate may cause inaccurate times.
  • Supply counts are checked every 10 seconds.